 Dungeon Crawl Stone Soup version 0.23.2-33-g5129a83184 (webtiles) character file.

Game seed: 15273188593419959069

133 psyvane the Firebug (level 4, -8/24 HPs)
             Began as a Deep Elf Fire Elementalist on July 21, 2019.
             Killed from afar by a jackal (32 damage)
             ... with an exploding inner flame
             ... hexed by the player character
             ... on level 3 of the Dungeon.
             The game lasted 00:10:20 (3137 turns).

psyvane the Firebug (Deep Elf Fire Elementalist)    Turns: 3137, Time: 00:10:25

Health: -8/24      AC:  5    Str:  5    XL:     4   Next: 93%
Magic:  10/10      EV: 13    Int: 21    God:
Gold:   101        SH:  0    Dex: 15    Spells: 4/9 levels left

rFire    . . .     SeeInvis .   n - +9 club
rCold    . . .     Gourm    .   (no shield)
rNeg     . . .     Faith    .   o - +2 animal skin
rPois    .         Spirit   .   p - +0 helmet
rElec    .         Reflect  .   (no cloak)
rCorr    .         Harm     .   (no gloves)
MR       .....                  (no boots)
Stlth    ++........             (no amulet)
HPRegen  0.08/turn              (no ring)
MPRegen  0.12/turn              (no ring)

@: no status effects
A: no striking features
a: no special abilities


You were on level 3 of the Dungeon.
You were not hungry.

You visited 1 branch of the dungeon, and saw 3 of its levels.

You collected 101 gold pieces.

Inventory:

Hand Weapons
 f - a +1 dagger of protection
 n - a +9 club (weapon)
 t - a +2 spear of venom
Armour
 a - a +0 robe
 o - a +2 animal skin (worn)
 p - a +0 helmet (worn)
Scrolls
 d - 4 scrolls of teleportation
 e - a scroll of amnesia {unknown}
 g - a scroll of immolation
 i - a scroll of noise
 q - a scroll of identify {unknown}
 r - a scroll of blinking {unknown}
 s - a scroll of enchant weapon
Potions
 b - 2 potions of might {unknown}
 j - 2 potions of curing {unknown}
 k - a potion of lignification {unknown}
 l - a potion of resistance {unknown}
 m - a potion of heal wounds {unknown}
Comestibles
 c - 6 rations
 h - 2 chunks of flesh


   Skills:
 - Level 0.6 Short Blades
 - Level 2.4 Dodging
 - Level 2.4 Stealth
 - Level 3.0 Spellcasting
 - Level 4.1 Conjurations
 * Level 4.5 Fire Magic


You had 4 spell levels left.
You knew the following spells:

 Your Spells              Type           Power        Failure   Level  Hunger
a - Flame Tongue          Conj/Fire      ###..        2%          1    None
b - Sticky Flame          Conj/Fire      ###.....     22%         4    ####...

Your spell library contained the following spells:

 Spells                   Type           Power        Failure   Level  Hunger
 Throw Flame              Conj/Fire      ###...       3%          2    ##.....
 Conjure Flame            Conj/Fire      ###.....     7%          3    ###....
 Inner Flame              Hex/Fire       ##......     16%         3    ###....
 Fireball                 Conj/Fire      ###.......   52%         5    ######.


Dungeon Overview and Level Annotations

Branches:
Dungeon (3/15)

Altars:
Dithmenos
Makhleb
Uskayaw
Xom
Zin


Message History

You see here a runed spear.
t - a runed spear A jackal comes into view.
As you read the scroll labeled XOEMOH ILEELUO, it crumbles to dust.
The creatures around you are filled with an inner flame!
It was a scroll of immolation.
As you read the scroll labeled BEFOIFO XAAGEKKA, it crumbles to dust.
It is a scroll of enchant weapon.
Your +7 club glows red for a moment.
As you read the scroll of enchant weapon, it crumbles to dust.
Your +8 club glows red for a moment.
Okay, then.
The jackal barks!
You sock the jackal!
The jackal explodes!
The fiery explosion engulfs the jackal!!!
You kill the jackal!
The fiery explosion engulfs you!!
Ouch! That really hurt!
You die...

###.###.##.#
#........#
#.###.####
#.#
#.########
#.........
#..§#####
#.#§# #.#@#
#.#.# #.#.#
#.#.# #.#.#
#.#.# #....
###.. ####


There were no monsters in sight!

Vanquished Creatures
  Robin (D:2)
  3 adders
  2 oozes
  3 worms (D:2)
  A dart slug (D:1)
  A leopard gecko (D:3)
  7 bats
  5 giant cockroaches
  17 goblins
  8 hobgoblins
  5 jackals (D:3)
  5 kobolds (D:1)
  3 quokkas
  A ball python (D:1)
  2 frilled lizards
  3 rats (D:2)
67 creatures vanquished.

Notes
Turn   | Place    | Note
-------+----------+-------------------------------------------
     0 | D:1      | psyvane the Deep Elf Fire Elementalist began the quest for
                  | the Orb.
     0 | D:1      | Reached XP level 1. HP: 10/10 MP: 6/6
   265 | D:1      | Reached XP level 2. HP: 4/15 MP: 2/8
  1341 | D:2      | Found a shadowy altar of Dithmenos.
  1353 | D:2      | Reached XP level 3. HP: 19/19 MP: 4/9
  1548 | D:2      | Noticed Robin
  1587 | D:2      | Killed Robin
  1610 | D:2      | Reached XP level 4. HP: 14/24 MP: 2/10
  1616 | D:2      | Learned a level 4 spell: Sticky Flame
  1740 | D:2      | Found a hide-covered altar of Uskayaw.
  1740 | D:2      | Found a shadowy altar of Dithmenos.
  1744 | D:2      | Found a glowing silver altar of Zin.
  2195 | D:2      | Found a burning altar of Makhleb.
  2495 | D:2      | Found a shimmering altar of Xom.
  3137 | D:3      | Killed from afar by a jackal

Skill      XL: |  1  2  3  4 |
---------------+-------------+-----
Conjurations   | 2 3 4 |  4.1
Fire Magic     | 4 |  4.5
Short Blades   | |  0.6
Dodging        | |  2.4
Stealth        | |  2.4
Spellcasting   | |  3.0

Action                   |  1- 3 |  4- 6 || total
-------------------------+-------+-------++-------
Melee: Unarmed           |     3 |       ||     3
       Dagger            |    17 |       ||    17
       Club              |       |    29 ||    29
 Cast: Flame Tongue      |    63 |    36 ||    99
       Sticky Flame      |       |     3 ||     3
  Use: Scroll            |       |     5 ||     5
 Stab: Sleeping          |     1 |     1 ||     2
  Eat: Chunk             |     2 |     5 ||     7
Armor: Robe              |     5 |       ||     5
       Animal skin       |       |    15 ||    15
Dodge: Dodged            |    35 |    29 ||    64
